 Dungeon Crawl Stone Soup version 0.28-a0-1117-g0bdd5ba030 (webtiles) character file.

Game seed: 2174724715862267542

49 devnull the Skirmisher (level 3, -1/31 HPs)
             Began as a Ghoul Gladiator on Dec 12, 2021.
             Slain by a goblin (5 damage)
             ... led by Robin
             ... on level 2 of the Dungeon.
             The game lasted 00:02:29 (938 turns).

devnull the Skirmisher (Ghoul Gladiator)             Turns: 938, Time: 00:02:34

Health: -1/31      AC:  4    Str: 19    XL:     3   Next: 77%
Magic:  2/2        EV: 12    Int:  3    God:
Gold:   72         SH:  0    Dex: 10    Spells: 2/2 levels left

rFire   . . .      SeeInvis .   a - +0 war axe
rCold   + . .      Faith    .   (no shield)
rNeg    + + +      Spirit   .   b - +0 leather armour
rPois   ∞          Reflect  .   c - +0 helmet
rElec   .          Harm     .   (no cloak)
rCorr   .          Rampage  .   (no gloves)
Will    .....                   (no boots)
Stlth   +.........              (no amulet)
HPRegen 0.00/turn               (no ring)
MPRegen 0.08/turn               (no ring)

@: inhibited regen
A: claws 1, cold resistance 1, negative energy resistance 3, inhibited
regeneration, torment resistance 2
a: no special abilities


You were on level 2 of the Dungeon.
You visited 1 branch of the dungeon, and saw 2 of its levels.

You collected 72 gold pieces.

Inventory:

Hand Weapons
 a - a +0 war axe (weapon)
Missiles
 d - 3 throwing nets (quivered)
Armour
 b - a +0 leather armour (worn)
 c - a +0 helmet (worn)
Scrolls
 e - 3 scrolls of identify
 f - a scroll of enchant weapon
 g - a scroll of amnesia {unknown}
 i - a scroll of enchant armour {unknown}
Potions
 h - a potion of brilliance {unknown}


   Skills:
 + Level 3.4 Fighting
 - Level 2.6 Axes
 + Level 2.8 Throwing
 - Level 2.6 Dodging


You had 2 spell levels left.
You didn't know any spells.
Your spell library contained the following spells:

 Spells                   Type           Power      Damage    Failure   Level
 Apportation              Tloc           0%         N/A       58%         1
 Alistair's Intoxication  Tmut/Pois      0%         N/A       100%        5


Dungeon Overview and Level Annotations

Branches:
Dungeon (2/15)

Altars:

Annotations:
D:2 Robin


Innate Abilities, Weirdness & Mutations

You thrive by killing the living.
You are immune to poison.
You have sharp fingernails.
Your flesh is cold resistant. (rC+)
You are immune to negative energy. (rN+++)
You do not regenerate when monsters are visible.
You are immune to unholy pain and torment.


Message History

As you read the scroll labelled HEOSCHA DUMU, it crumbles to dust.
It is a scroll of identify.
f - a scroll of enchant weapon The goblin hits you with a +0 club.
The goblin barely misses you. Robin throws the goblin at you!
You slash the goblin!
You kill the goblin!
You slash the goblin!
You kill the goblin!
You feel better.
You closely miss the goblin. The goblin hits you with a +0 club.
* * * LOW HITPOINT WARNING * * *
The goblin unwields a +0 dagger.
The goblin wields a +0 hunting sling.
The goblin shoots a stone.
The stone closely misses you.
The stone hits the goblin.
The goblin dies!
The goblin shoots a stone.
The stone hits you.
* * * LOW HITPOINT WARNING * * *
Robin roars a battlecry!
The goblin goes into a battle-frenzy!
Things that are here:
a +0 club; a goblin corpse The goblin shoots a stone.
The stone hits you but does no damage.
The goblin shoots a stone.
The stone hits you but does no damage.
Things that are here:
a +0 club; a goblin corpse The goblin shoots a stone.
The stone closely misses you.
The goblin shoots a stone.
The stone hits you.
* * * LOW HITPOINT WARNING * * *
You see here 19 bolts.
Robin throws the goblin at you!
You closely miss the goblin.
The goblin unwields a +0 hunting sling.
The goblin wields a +0 dagger.
The goblin barely misses you.
You hit the goblin.
The goblin is moderately wounded.
The goblin barely misses you.
Robin roars a battlecry!
The goblin goes into a battle-frenzy!
The goblin hits you with a +0 dagger.
You die...

##############
##...#÷.......#
#..#...######.#
#.###..# ##.##
#..#..## #...#####
##..g## #........
##@## #...##### #.#
##### ##############.#
#...........##.#
#.#########.##g# #.#
##...#.# #.#
#####.#.#.(####### #.#
#......)..........
#.###..##.#.#.######..


You could see Robin and a goblin (strong).

Vanquished Creatures
  An adder (D:2)
  2 ball pythons (D:1)
  5 endoplasms
  9 goblins
  2 hobgoblins
  6 jackals
  3 bats
  3 kobolds
  3 rats
34 creatures vanquished.

Vanquished Creatures (others)
  A goblin (D:2)
1 creature vanquished.

Grand Total: 35 creatures vanquished

Notes
Turn   | Place    | Note
-------+----------+-------------------------------------------
     0 | D:1      | devnull the Ghoul Gladiator began the quest for the Orb.
     0 | D:1      | Reached XP level 1. HP: 17/17 MP: 0/0
   170 | D:1      | Reached XP level 2. HP: 22/25 MP: 1/1
   529 | D:1      | Found a faded altar of an unknown god.
   658 | D:2      | Reached skill level 3 in Fighting
   711 | D:2      | Reached XP level 3. HP: 27/31 MP: 2/2
   862 | D:2      | Noticed Robin
   938 | D:2      | Slain by a goblin

Illustrated notes

Levels and vault maps discovered:
D:1:      roderic_crossed_star, layout_basic,
          shapermc_ecumenical_altar_mp_vishouse
D:2:      layout_loops_ring, serial_shops, shop, minmay_cupped, uniq_robin,
          uniq_terence

Skill      XL: |  1  2 |
---------------+-------+-----
Throwing       | 2 |  2.8
Fighting       | 3 |  3.4
Axes           | |  2.6
Dodging        | |  2.6

Action                   || total
-------------------------++-------
Melee: War axe           ||    80
  Use: Scroll            ||     1
Armor: Leather armour    ||    30
Dodge: Dodged            ||    77

Table legend: (Time is in decaauts)
 A = Elapsed time spent in this place.
 B = Non-inter-level travel time spent in this place.
 C = Inter-level travel time spent in this place.
 D = Time resting spent in this place.
 E = Time spent auto-exploring this place.
 F = Levels seen in this place.
 G = Mean time per level.
                   A        B        C        D        E       F      G
               +--------+--------+--------+--------+--------+-----+--------+
         Total |    966 |    939 |     27 |      0 |    704 |   2 |  483.0 |
       Dungeon |    966 |    939 |     27 |      0 |    704 |   2 |  483.0 |
               +--------+--------+--------+--------+--------+-----+--------+

Top non-repeatable levels by time:
     D:1: 662 daAuts
     D:2: 304 daAuts
